 Dungeon Crawl Stone Soup version 0.21-a0-349-g0c35859 (webtiles) character file.

80 Dfrag the Firebug (level 4, 26/30 HPs)
             Began as a Demonspawn Fire Elementalist on Oct 9, 2017.
             Quit the game on level 2 of the Dungeon.
             The game lasted 00:04:16 (1178 turns).

Dfrag the Firebug (Demonspawn Fire Elementalist)    Turns: 1178, Time: 00:04:17

Health: 26/30      AC:  6    Str:  8    XL:     4   Next: 18%
Magic:  6/8        EV: 12    Int: 17    God:
Gold:   85         SH:  0    Dex: 14    Spells: 7/8 levels left

rFire    . . .     SeeInvis .   o - +2 whip (drain)
rCold    . . .     Gourm    .   (no shield)
rNeg     . . .     Faith    .   a - +0 robe
rPois    .         Spirit   .   f - +0 helmet
rElec    .         Reflect  .   (no cloak)
rCorr    .         Harm     .   m - +2 pair of gloves
MR       .....                  (no boots)
Stlth    ++........             (no amulet)
HPRegen  0.10/turn              (no ring)
MPRegen  0.11/turn              (no ring)

@: very slightly contaminated
A: claws 1, spiny 1
a: no special abilities


You were on level 2 of the Dungeon.
You were not hungry.

You visited 1 branch of the dungeon, and saw 2 of its levels.

You collected 85 gold pieces.

Inventory:

Hand Weapons
 o - a +2 whip of draining (weapon)
Missiles
 g - 77 stones (quivered)
Armour
 a - a +0 robe (worn)
 f - a +0 helmet (worn)
 m - a +2 pair of gloves (worn)
Scrolls
 d - 3 scrolls of enchant weapon {unknown}
 e - 2 scrolls of teleportation {unknown}
 h - a scroll of recharging {unknown}
 k - 2 scrolls of fear {unknown}
Potions
 i - a potion of heal wounds {unknown}
 j - a potion of haste {unknown}
 l - a potion of curing {unknown}
Books
 b - a book of Flames

   Spells                             Type                      Level
   a - Flame Tongue                   Conjuration/Fire             1
   b - Throw Flame                    Conjuration/Fire             2
   c - Conjure Flame                  Conjuration/Fire             3
   d - Inner Flame                    Hexes/Fire                   3
   e - Sticky Flame                   Conjuration/Fire             4
   f - Fireball                       Conjuration/Fire             5
Comestibles
 c - a bread ration
 n - a royal jelly
 p - a meat ration


   Skills:
 - Level 1.7 Dodging
 - Level 1.7 Stealth
 + Level 2.9 Spellcasting
 + Level 2.4 Conjurations
 + Level 3.4 Fire Magic


You had 7 spell levels left.
You knew the following spells:

 Your Spells              Type           Power        Failure   Level  Hunger
a - Flame Tongue          Conj/Fire      ##...        5%          1    #......


Dungeon Overview and Level Annotations

Branches:
Dungeon (2/15)

Altars:


Innate Abilities, Weirdness & Mutations

You have sharp fingernails.
You are partially covered in sharp spines.


Message History

Casting: Flame Tongue
Confirm with . or Enter, or press ? or * to list all spells.
Aiming: Flame Tongue
Press: ? - help, Shift-Dir - straight line, f/p - kobold
Aim: a kobold, wielding a short sword (resting)
The flame tongue hits the kobold.
The kobold appears unharmed.
The kobold shouts!
The kobold throws a stone.
The stone hits you but does no damage.
Sorry, you're not good enough to have a special ability.
Unknown command.
g - 77 stones (gained 1)
The kobold throws a stone.
The stone barely misses you.
You whack the kobold!
You kill the kobold!
You see here a short sword.
Casting: Flame Tongue
Confirm with . or Enter, or press ? or * to list all spells.
Okay, then.
Unknown command.
Are you sure you want to abandon this character and quit the game? (Confirm with "yes".)

..............##.#######.#
..............##.#....##<#
...).........###.#....####
..###........# #..)...#
### #........#####....#
#...รท.....^..#....#
#######)####.#....#######
#.# #.##.........# #.#
#@##########.# #.# #)#
#.#### #.# #.# #....#
###########.# #.# ####.#
............# #.# #.#
############# #.# #.#
#.#############.#
#(......>.......#
###############.#


There were no monsters in sight!

Vanquished Creatures
  A gnoll (D:2)
  A howler monkey skeleton (D:2)
  3 oozes
  A worm (D:2)
  2 dart slugs (D:1)
  2 leopard geckos
  4 bats
  A giant cockroach (D:1)
  8 goblins
  4 hobgoblins
  3 frilled lizards (D:1)
  6 kobolds
  5 rats (D:1)
41 creatures vanquished.

Notes
Turn   | Place    | Note
-------+----------+-------------------------------------------
     0 | D:1      | Dfrag the Demonspawn Fire Elementalist began the quest for the Orb.
     0 | D:1      | Reached XP level 1. HP: 13/13 MP: 3/3
   135 | D:1      | Gained mutation: You have sharp fingernails. [demonic ancestry]
   135 | D:1      | Reached XP level 2. HP: 3/19 MP: 0/5
   225 | D:1      | Reached skill level 3 in Fire Magic
   364 | D:1      | Reached XP level 3. HP: 5/24 MP: 0/6
  1100 | D:2      | Gained mutation: You are partially covered in sharp spines. [demonic ancestry]
  1100 | D:2      | Reached XP level 4. HP: 18/30 MP: 6/8
  1178 | D:2      | Quit the game

Vault maps used:
D:1:      dpeg_arrival_simpleton_b

Skill      XL: |  1  2  3 |
---------------+----------+-----
Fire Magic     | 3 |  3.4
Conjurations   | 2 |  2.4
Dodging        | |  1.7
Stealth        | |  1.7
Spellcasting   | |  2.9

Action                   |  1- 3 |  4- 6 || total
-------------------------+-------+-------++-------
Melee: Unarmed           |    22 |       ||    22
       Whip              |    17 |     1 ||    18
Throw: Stone             |    28 |       ||    28
 Cast: Flame Tongue      |    54 |     7 ||    61
  Eat: Chunk             |       |     1 ||     1
Armor: Robe              |    16 |     1 ||    17
Dodge: Dodged            |    54 |     1 ||    55

Table legend:
 A = Spawn XP
 B = Non-spawn XP
 C = Spawn XP percentage of total XP
 D = Spawn monster count
 E = Non-spawn monster count
 F = Spawn count percentage of total count
 G = Total turns spent on level
                    A         B        C        D         E        F      G
               +---------+---------+-------+---------+---------+-------+---------
         Total |       0 |     115 |   0.0 |       0 |      41 |   0.0 |  1178
               +---------+---------+-------+---------+---------+-------+---------
           D:1 |       0 |      53 |   0.0 |       0 |      28 |   0.0 |   925
           D:2 |       0 |      62 |   0.0 |       0 |      13 |   0.0 |   253
               +---------+---------+-------+---------+---------+-------+---------
